[Event "Team 45 45 League T34"]
[Site "Internet Chess Club"]
[Date "2007.08.15"]
[Round "5"]
[White "WilmaP"]
[Black "supraholic"]
[Result "0-1"]
[WhiteElo "1207"]
[BlackElo "1308"]
[Opening "Ruy Lopez: open (Tarrasch) defense"]
[ECO "C80"]
[Time "15:14:08"]
[TimeControl "2700+45"]

1. e4 e5 2. Nf3 Nc6 3. Bb5 a6 4. Ba4 Nf6 5. O-O Nxe4 6. Re1 Nf6 7. Nxe5 Nxe5 8.
Rxe5+ Be7 9. d4 O-O 10. Qe2 Re8 11. Nc3 b5 12. Bb3 Bb7 13. a4 b4 14. Qc4 d5 15.
Nxd5 Bxd5 16. Qd3 Bxb3 17. cxb3 c5 18. Qg3 Bd6 19. Bh6 Nh5 20. Rxe8+ Qxe8 21.
Qxd6 gxh6 22. Qxh6 Qe2 23. Qg5+ Kh8 24. dxc5 Rg8 25. Qh6 Qxb2 26. Rf1 Qe2 27. h3
Qf3 28. g3 Nxg3 29. Qh4 Qh1# {White checkmated} 0-1

[Event "Team 45 45 League T34"]
[Site "Internet Chess Club"]
[Date "2007.08.20"]
[Round "5"]
[White "kinchknifeblade"]
[Black "Russellovich"]
[Result "0-1"]
[WhiteElo "1219"]
[BlackElo "1720"]
[Opening "King's Indian: 4.e4"]
[ECO "E70"]
[Time "14:03:56"]
[TimeControl "2700+45"]

1. c4 Nf6 2. d4 g6 3. Nc3 Bg7 4. e4 d6 5. Bd3 O-O 6. Nge2 e5 7. d5 a5 8. a3 Bd7
9. f3 Na6 10. Be3 b6 11. O-O Nh5 12. g4 Nf6 13. Bg5 Nc5 14. Bc2 h6 15. Bxf6 Bxf6
16. Kh1 Bh4 17. Qd2 Bg5 18. Qd1 Kg7 19. b4 axb4 20. axb4 Na6 21. b5 Nc5 22. Rxa8
Qxa8 23. Qa1 Qb8 24. Qa2 Rh8 25. h3 h5 26. Kg2 hxg4 27. fxg4 Rh4 28. Ra1 Qh8 29.
Qa8 Rxh3 30. Qxh8+ Rxh8 31. Kf3 Rh3+ 32. Ng3 Bh4 33. Rh1 Rxg3+ 34. Ke2 Bxg4+ 35.
Kd2 Bg5+ 36. Ke1 Rxc3 37. Rg1 Re3+ {White resigns} 0-1

[Event "Team 45 45 League T34"]
[Site "Internet Chess Club"]
[Date "2007.08.19"]
[Round "5"]
[White "carolinaknight"]
[Black "knight2f3"]
[Result "0-1"]
[WhiteElo "1294"]
[BlackElo "1259"]
[Opening "Sicilian: Prins (Moscow) variation"]
[ECO "B55"]
[Time "14:05:41"]
[TimeControl "2700+45"]

1. e4 c5 2. Nf3 d6 3. d4 cxd4 4. Nxd4 Nf6 5. f3 a6 6. Nc3 e6 7. Be2 Be7 8. O-O
Qc7 9. Qe1 Nc6 10. Qf2 b5 11. a3 Bb7 12. Be3 O-O 13. Bg5 Rab8 14. Rfd1 Ba8 15.
Be3 Rfe8 16. Qg3 Bf8 17. Bg5 Be7 18. Bh6 Bf8 19. f4 Nxd4 20. Rxd4 Qc5 21. Rd1
Nxe4 22. Nxe4 Bxe4 23. Bf3 Bxc2 24. Rd2 e5 25. fxe5 dxe5 26. Be4 Bxe4 {White
resigns} 0-1

[Event "Team 45 45 League T34"]
[Site "Internet Chess Club"]
[Date "2007.08.19"]
[Round "5"]
[White "chips"]
[Black "furrbrain"]
[Result "1-0"]
[WhiteElo "1164"]
[BlackElo "1179"]
[Opening "French: advance variation"]
[ECO "C02"]
[Time "21:01:55"]
[TimeControl "2700+45"]

1. e4 e6 2. d4 d5 3. e5 c5 4. Be3 Qb6 5. b3 Nc6 6. c3 Nge7 7. Nf3 Nf5 8. Qd3 a6
9. Be2 Be7 10. O-O O-O 11. Bg5 cxd4 12. Bxe7 Ncxe7 13. cxd4 Nc6 14. Rd1 Bd7 15.
a3 Rac8 16. Rc1 Ncxd4 17. Rxc8 Rxc8 18. Nbd2 Bb5 19. Nc4 dxc4 20. bxc4 Bxc4 21.
Rc1 Qb2 22. Rxc4 Nxe2+ 23. Kf1 g6 24. Rxc8+ Kg7 25. Qxe2 Qb1+ 26. Qe1 Qd3+ 27.
Qe2 Qxa3 28. Rc7 b5 29. Ng5 Nd4 30. Qe3 Qa1+ 31. Rc1 Qb2 32. Nxh7 Kxh7 33. Rc7
Kg7 34. g3 Nf5 35. Qa7 Nh6 36. Rc5 Ng4 37. Rc7 Nh6 38. Qe3 Ng4 39. Qf3 Nxe5 40.
Qc3 Qb1+ 41. Qe1 Qd3+ 42. Qe2 Qb1+ 43. Kg2 Qd3 44. Qxe5+ Kh6 45. Rc8 Qd5+ 46.
Qxd5 exd5 47. Ra8 b4 48. Rxa6 b3 49. Rb6 d4 50. Rxb3 f5 51. Rd3 Kg5 52. Rxd4 Kf6
53. Kf3 Ke5 54. Rd8 g5 55. Re8+ Kf6 56. h4 g4+ 57. Kf4 Kg6 58. Rf8 Kh5 59. Rxf5+
Kg6 60. Rg5+ Kf6 61. Rxg4 Ke6 62. h5 Kf7 63. h6 Kf6 64. h7 Kf7 65. h8=Q Ke6 66.
Qe5+ Kd7 67. Rg6 Kc8 68. Qe7 Kb8 69. Rg8# {Black checkmated} 1-0

[Event "Team 45 45 League T34"]
[Site "Internet Chess Club"]
[Date "2007.08.19"]
[Round "5"]
[White "Mitch99"]
[Black "gaboonzoom"]
[Result "1-0"]
[WhiteElo "1271"]
[BlackElo "1197"]
[Opening "Ruy Lopez: exchange variation"]
[ECO "C68"]
[Time "10:59:59"]
[TimeControl "2700+45"]

1. e4 e5 2. Nf3 Nc6 3. Bb5 a6 4. Bxc6 dxc6 5. d3 Bg4 6. Be3 Bb4+ 7. c3 Be7 8.
Nbd2 Qd6 9. d4 exd4 10. Bxd4 Nf6 11. Qe2 O-O 12. e5 Bxf3 13. Nxf3 Qe6 14. exf6
Bxf6 15. Qxe6 fxe6 16. Bxf6 Rxf6 17. O-O Rd8 18. Rad1 Rff8 19. Ng5 Rde8 20. Rd7
Rf5 21. Nf3 Rc8 22. Re7 Rf6 23. Re1 c5 24. R7xe6 Rxe6 25. Rxe6 Rd8 26. g3 h5 27.
Ng5 b5 28. Rxa6 Rd1+ 29. Kg2 Rd8 30. a4 bxa4 31. Rxa4 g6 32. h4 Kg7 33. Ne6+ Kf6
34. Nxd8 Ke7 35. Nb7 {Black resigns} 1-0

[Event "Team 45 45 League T34"]
[Site "Internet Chess Club"]
[Date "2007.08.20"]
[Round "5"]
[White "PrincessChess"]
[Black "tammany"]
[Result "1-0"]
[WhiteElo "1795"]
[BlackElo "1753"]
[Opening "Sicilian: closed"]
[ECO "B24"]
[Time "20:01:10"]
[TimeControl "2700+45"]

1. e4 c5 2. Nc3 g6 3. g3 Bg7 4. Bg2 Nc6 5. Nge2 a6 6. a4 Rb8 7. d3 b5 8. axb5
axb5 9. O-O e6 10. Qe1 Nge7 11. Bf4 d6 12. Qd2 b4 13. Nd1 h6 14. c3 bxc3 15.
bxc3 Na5 16. Qc2 O-O 17. Be3 c4 18. d4 Nb3 19. Ra2 Nc6 20. e5 Nca5 21. exd6 Bb7
22. f3 Bd5 23. Nf2 h5 24. Ne4 f5 25. Bg5 Qd7 26. Be7 fxe4 27. Bxf8 Rxf8 28. fxe4
Rxf1+ 29. Kxf1 Bb7 30. e5 Bxg2+ 31. Kxg2 Qb7+ 32. Kg1 Qf7 33. Nf4 g5 34. Ng6 Bf8
35. Qe4 Kg7 36. Nxf8 Kxf8 37. Rf2 {Black resigns} 1-0

[Event "Team 45 45 League T34"]
[Site "Internet Chess Club"]
[Date "2007.08.19"]
[Round "5"]
[White "Bedouksofhazzar"]
[Black "Two-DogMan"]
[Result "1/2-1/2"]
[WhiteElo "1799"]
[BlackElo "1536"]
[Opening "Philidor: exchange variation"]
[ECO "C41"]
[Time "18:57:35"]
[TimeControl "2700+45"]

1. e4 e5 2. Nf3 d6 3. d4 exd4 4. Nxd4 Be7 5. Nc3 c6 6. Bd3 Nf6 7. O-O a6 8. a4
Qb6 9. Nb3 Nbd7 10. a5 Qc7 11. Be3 O-O 12. Na4 c5 13. Qe2 b5 14. axb6 Nxb6 15.
Nxb6 Qxb6 16. f4 Ng4 17. Bd2 c4+ 18. Kh1 cxd3 19. Qxd3 Nf2+ 20. Rxf2 Qxf2 21.
Nd4 Qh4 22. Rf1 Bf6 23. Nf5 Bxf5 24. exf5 Qh6 25. Rf3 Bxb2 26. Rh3 Qf6 27. g4
Qd4 28. Qe2 Rae8 29. Qg2 Bc1 30. Rd3 Qb2 31. Bc3 Qb5 32. f6 Bxf4 33. fxg7 Qb1+
34. Qg1 Qxg1+ 35. Kxg1 Be5 36. gxf8=Q+ Rxf8 37. Bb4 Rd8 38. Rd5 Kg7 39. Ra5 Ra8
40. Rd5 f6 41. Kg2 Kf7 42. Ra5 Ke6 43. c4 Kd7 44. h4 h6 45. Kf3 Kc6 46. Ke4 Kd7
47. Bd2 Rc8 48. Kd3 Rg8 49. Rxa6 Rxg4 50. Bxh6 Rd4+ 51. Ke3 Rxc4 52. h5 Rh4 53.
Kf3 Rxh5 54. Bc1 Ke6 55. Ba3 f5 56. Ra8 f4 57. Bc1 Rh3+ 58. Kg4 Rb3 59. Bxf4
Bxf4 60. Kxf4 Rb4+ 61. Ke3 Kd5 62. Ra3 Kc4 63. Rd3 d5 64. Rd4+ Kc5 65. Rxb4 Kxb4
66. Kd4 {Game drawn by mutual agreement} 1/2-1/2

[Event "Team 45 45 League T34"]
[Site "Internet Chess Club"]
[Date "2007.08.19"]
[Round "5"]
[White "werty"]
[Black "CSCARChaplain"]
[Result "1-0"]
[WhiteElo "1455"]
[BlackElo "665"]
[Opening "Queen's pawn game, Chigorin variation"]
[ECO "D02"]
[Time "14:59:51"]
[TimeControl "2700+45"]

1. d4 d5 2. Nf3 Nc6 3. e3 Bg4 4. Bd3 Nf6 5. Nbd2 e6 6. c3 Bd6 7. O-O O-O 8. Re1
Qd7 9. e4 dxe4 10. Nxe4 Nxe4 11. Bxe4 Rfe8 12. Bxh7+ Kxh7 13. Ng5+ Kg8 14. Qxg4
Be7 15. Qh4 Bxg5 16. Bxg5 f6 17. Bd2 Na5 18. b3 Kf7 19. Qh5+ Kg8 20. Qxa5 Kf7
21. Qh5+ g6 22. Qh7+ Kf8 23. Qxd7 {Black resigns} 1-0

[Event "Team 45 45 League T34"]
[Site "Internet Chess Club"]
[Date "2007.08.18"]
[Round "5"]
[White "AlterEgo"]
[Black "mongmong"]
[Result "0-1"]
[WhiteElo "1517"]
[BlackElo "1568"]
[Opening "Nimzo-Indian: classical variation"]
[ECO "E32"]
[Time "17:00:54"]
[TimeControl "2700+45"]

1. d4 e6 2. c4 Nf6 3. Nc3 Bb4 4. Qc2 O-O 5. a3 Bxc3+ 6. Qxc3 b6 7. Qf3 d5 8. Bg5
Nbd7 9. e3 Bb7 10. Be2 Qc8 11. Qg3 Ne4 12. Qh4 Nxg5 13. Qxg5 c5 14. Nf3 Nf6 15.
Nd2 cxd4 16. exd4 Qd7 17. Bf3 Rfc8 18. b3 Rc7 19. Rc1 Rac8 20. Be2 dxc4 {White
resigns} 0-1

[Event "Team 45 45 League T34"]
[Site "Internet Chess Club"]
[Date "2007.08.19"]
[Round "5"]
[White "pelayo"]
[Black "Lionskins"]
[Result "0-1"]
[WhiteElo "1667"]
[BlackElo "1429"]
[Opening "Sicilian defense"]
[ECO "B32"]
[Time "11:04:03"]
[TimeControl "2700+45"]

1. e4 c5 2. Nf3 Nc6 3. d4 cxd4 4. Nxd4 Qa5+ 5. Nc3 Nf6 6. Nb3 Qe5 7. Bd3 g5 8.
Be3 e6 9. a3 h5 10. Qd2 Bh6 11. h3 h4 12. O-O-O a6 13. Rhf1 Nh5 14. Ne2 Bg7 15.
c3 Bh6 16. Kb1 Nf6 17. f4 gxf4 18. Bxf4 Bxf4 19. Rxf4 b5 20. Rdf1 Rh6 21. Ned4
Bb7 22. Nf3 Qd6 23. Nxh4 Ne5 24. Bc2 Qxd2 25. Nxd2 Nh5 26. R4f2 Ng3 27. Nhf3
Nxf1 28. Nxe5 Nxd2+ 29. Rxd2 Rd8 30. Rf2 Rh7 31. g4 d6 32. Nf3 Rxh3 33. Ng5 Rh1+
34. Ka2 Rd7 35. a4 Rg1 36. axb5 axb5 37. c4 Bc6 38. cxb5 Ra7+ 39. Kb3 Bxb5 40.
Kb4 Bc6 41. Nh7 Rb7+ 42. Kc3 Rg3+ 43. Kd2 Rxb2 44. Kc1 Ra2 45. Nf6+ Ke7 46. Ng8+
Kf8 47. Nh6 Ra7 48. Rd2 Rg1+ 49. Kb2 Rb7+ 50. Kc3 Rg3+ 51. Kc4 Bb5+ 52. Kd4 Kg7
53. Rh2 Rc7 54. Bb1 Rc4# {White checkmated} 0-1

[Event "Team 45 45 League T34"]
[Site "Internet Chess Club"]
[Date "2007.08.17"]
[Round "5"]
[White "chipionero"]
[Black "frankd"]
[Result "0-1"]
[WhiteElo "1677"]
[BlackElo "1681"]
[Opening "Dutch"]
[ECO "A80"]
[Time "11:00:31"]
[TimeControl "2700+45"]

1. d4 f5 2. Nf3 Nf6 3. g3 e6 4. Bg2 c6 5. c4 d5 6. b3 Bd6 7. O-O Qe7 8. Nc3 O-O
9. cxd5 exd5 10. e3 Ne4 11. Qc2 Nd7 12. Re1 Ndf6 13. Nd2 Nxc3 14. Qxc3 Ne4 15.
Qc2 g5 16. f4 g4 17. a3 Rf6 18. b4 Rh6 19. Nxe4 fxe4 20. Bf1 Qf7 21. b5 Bd7 22.
bxc6 Bxc6 23. Qb2 Rc8 24. Bb5 Bxb5 25. Qxb5 Rc2 26. h4 gxh3 27. Rb1 Qg7 28. Re2
Qxg3+ 29. Kf1 Qf3+ 30. Ke1 Rxe2+ 31. Qxe2 h2 {White resigns} 0-1

[Event "Team 45 45 League T34"]
[Site "Internet Chess Club"]
[Date "2007.08.16"]
[Round "5"]
[White "quotha"]
[Black "joshua9"]
[Result "1-0"]
[WhiteElo "1570"]
[BlackElo "1625"]
[Opening "Sicilian"]
[ECO "B50"]
[Time "14:29:29"]
[TimeControl "2700+45"]

1. e4 c5 2. Nf3 d6 3. Bc4 g6 4. O-O Bg7 5. c3 Nf6 6. Re1 Bg4 7. h3 Bxf3 8. Qxf3
Nc6 9. d3 O-O 10. Bf4 Ne5 11. Bxe5 dxe5 12. Nd2 a6 13. a4 b5 14. axb5 axb5 15.
Bxb5 Rb8 16. c4 Qd4 17. Nb3 Qd6 18. Qe3 Nd7 19. Ra7 Rfd8 20. Rea1 Rxb5 21. cxb5
h5 22. Nd2 Kh7 23. Nc4 Qd4 24. Qxd4 exd4 25. b6 Be5 26. Nxe5 Nxe5 27. b7 Rb8 28.
R1a5 Nxd3 29. Rb5 Ne5 30. Ra8 Nc6 31. Rxb8 Nxb8 32. Rxc5 e6 33. Rc8 Na6 34. b8=Q
Nxb8 35. Rxb8 Kg7 36. e5 f6 37. f4 f5 38. Rd8 {Black resigns} 1-0

[Event "Team 45 45 League T34"]
[Site "Internet Chess Club"]
[Date "2007.08.18"]
[Round "5"]
[White "kabubi"]
[Black "PRO-CHESS"]
[Result "0-1"]
[WhiteElo "1220"]
[BlackElo "1571"]
[Opening "Caro-Kann: classical variation"]
[ECO "B18"]
[Time "15:02:12"]
[TimeControl "2700+45"]

1. e4 c6 2. d4 d5 3. Nc3 dxe4 4. Nxe4 Bf5 5. Ng3 Bg6 6. Nf3 h6 7. Bc4 b5 8. Bb3
Nf6 9. Ne5 Nd5 10. Nxg6 fxg6 11. O-O Nd7 12. c4 bxc4 13. Bxc4 N7b6 14. Bd3 Qd6
15. Qg4 g5 16. Bd2 Nf6 17. Bg6+ Kd8 18. Qf5 Nbd5 19. Ba5+ Nc7 20. Rad1 e6 21.
Qd3 Kd7 22. Bxc7 Kxc7 23. Rfe1 Rd8 24. h3 Qf4 25. Rxe6 Rd6 26. Rxd6 Bxd6 27. Qa6
Rb8 28. Qxa7+ Rb7 29. Qa5+ Rb6 30. Re1 Bb4 31. Re7+ Bxe7 32. Qa7+ Rb7 33. Qa5+
Rb6 34. Qa7+ Rb7 35. Qa5+ Kb8 36. Ne2 Qd6 37. b3 Nd5 38. Ng3 Qxg6 {White
resigns} 0-1

[Event "Team 45 45 League T34"]
[Site "Internet Chess Club"]
[Date "2007.08.16"]
[Round "5"]
[White "bmw2002"]
[Black "viking99"]
[Result "0-1"]
[WhiteElo "1701"]
[BlackElo "1885"]
[Opening "English opening"]
[ECO "A20"]
[Time "21:23:41"]
[TimeControl "2700+45"]

1. c4 e5 2. g3 c6 3. Bg2 f5 4. Nc3 Bb4 5. e3 Nf6 6. Nge2 O-O 7. O-O d6 8. d4 e4
9. Bd2 d5 10. Qb3 Bxc3 11. Bxc3 b6 12. cxd5 cxd5 13. Rfc1 Ba6 14. Bf1 Nc6 15.
Qa4 Bxe2 16. Bxe2 Ne7 17. Ba6 g5 18. Bb4 Rf7 19. Rc2 f4 20. Rac1 Kg7 21. Rc7 f3
22. Bb7 Qe8 23. Qxe8 Rxe8 24. Ba6 Nf5 25. Bb5 Re6 26. Rxf7+ Kxf7 27. Rc7+ Kg6
28. Rxa7 Ng4 29. Bd2 h5 30. Bd7 Rf6 31. a4 Nd6 32. b3 Rf7 33. Bb4 Nf6 34. Bxd6
Rxd7 35. Rxd7 Nxd7 36. Bc7 Kf7 37. Bd8 g4 38. b4 Ke6 39. a5 bxa5 40. bxa5 Kd6
41. a6 Kc6 42. a7 Kb7 43. h3 Kxa7 44. hxg4 hxg4 45. Be7 Kb6 46. Kf1 Kb5 47. Ke1
Kc4 48. Kd2 Kb3 49. Bc5 Kc4 50. Ba7 Nf6 51. Bc5 Nh5 52. Bd6 Ng7 53. Kc2 Nf5 54.
Bf4 Ne7 55. Bd6 Nc6 56. Bc5 Na5 57. Bb6 Nb3 58. Ba7 Na1+ 59. Kd2 Kb3 60. Bb6 Kb2
61. Bc5 Nb3+ 62. Kd1 Kc3 63. Bb6 Kd3 64. Bc5 Nc1 65. Bb4 Ne2 66. Bd6 Kc3 67. Bc7
Kd3 68. Bd6 Nc3+ 69. Ke1 Kc2 70. Bc7 Na4 71. Ba5 Nb2 72. Bc7 Nd3+ 73. Kf1 Kd1
74. Bf4 Nb2 75. Bc7 Nc4 76. Bd8 Nd2+ 77. Kg1 Ke2 78. Ba5 Nb3 79. Be1 Nc1 80. Kh1
Kxe1 81. Kg1 Ne2+ 82. Kh1 Kxf2 83. Kh2 Kxe3 84. Kh1 Nxg3+ 85. Kg1 Ne2+ 86. Kh2
g3+ 87. Kh1 g2+ {White resigns} 0-1

[Event "Team 45 45 League T34"]
[Site "Internet Chess Club"]
[Date "2007.08.18"]
[Round "5"]
[White "rubashov"]
[Black "Luckydawg"]
[Result "1/2-1/2"]
[WhiteElo "1616"]
[BlackElo "1707"]
[Opening "Pirc: Byrne variation"]
[ECO "B07"]
[Time "07:59:41"]
[TimeControl "2700+45"]

1. e4 d6 2. d4 Nf6 3. Nc3 g6 4. Bg5 Bg7 5. Nf3 a6 6. Bc4 O-O 7. O-O b5 8. Be2 b4
9. Bxf6 Bxf6 10. Nd5 Bg7 11. Nxb4 a5 12. Nd5 Bb7 13. c4 Nd7 14. Qc2 Rc8 15. Rfd1
c5 16. dxc5 Nxc5 17. Nd2 e6 18. Nc3 Qh4 19. Nf3 Qe7 20. Bd3 Rfd8 21. Re1 Ba6 22.
b3 Qd7 23. Rad1 Qc6 24. Bf1 Bxc3 25. Qxc3 Nxe4 26. Qxa5 Bb7 27. Nd4 Qd7 28. g3
Ra8 29. Qb4 Rxa2 30. Re2 Raa8 31. Bg2 Rdb8 32. Nb5 f5 33. f3 Ng5 34. Qxd6 Qxd6
35. Rxd6 Nxf3+ 36. Bxf3 Bxf3 37. Rexe6 Ra2 38. Re3 Be4 39. h4 Rba8 40. Nc3 Rg2+
41. Kf1 Rh2 42. Na4 Rf8 43. c5 f4 44. Rxe4 fxg3+ 45. Kg1 Rff2 46. Rd8+ Kg7 47.
Rd7+ Kh6 48. Rde7 Rhg2+ 49. Kh1 Rh2+ 50. Kg1 Rfg2+ 51. Kf1 Rc2 52. Kg1 Rhg2+ 53.
Kh1 Rgf2 54. Re1 Rh2+ 55. Kg1 Rcg2+ 56. Kf1 Rf2+ 57. Kg1 {Game drawn by mutual
agreement} 1/2-1/2

[Event "Team 45 45 League T34"]
[Site "Internet Chess Club"]
[Date "2007.08.16"]
[Round "5"]
[White "BrerRabbit"]
[Black "OOB1"]
[Result "1-0"]
[WhiteElo "1588"]
[BlackElo "1532"]
[Opening "QGD: Marshall defense"]
[ECO "D06"]
[Time "11:03:25"]
[TimeControl "2700+45"]

1. d4 d5 2. c4 Nf6 3. cxd5 Nxd5 4. Nf3 Bf5 5. Nbd2 Nf6 6. Qb3 b6 7. Qb5+ Bd7 8.
Qd3 e6 9. Ne5 Bd6 10. Nxd7 Nbxd7 11. e4 e5 12. d5 Qc8 13. Qc2 Nc5 14. Bb5+ Nfd7
15. b4 Nb7 16. a3 a6 17. Be2 O-O 18. O-O Nf6 19. Bb2 Nd8 20. Rac1 b5 21. Nf3 Qb7
22. Bxe5 Bxe5 23. Nxe5 Rc8 24. f3 Re8 25. Nc6 Qb6+ 26. Qc5 Nd7 27. Qxb6 Nxb6 28.
Rc2 Nxc6 29. Rxc6 f5 30. Bd3 Nd7 31. Rxa6 fxe4 32. Bxb5 Nb6 33. Bxe8 Rxe8 34.
fxe4 Rxe4 35. Rd1 Nd7 36. Rc6 Kf8 37. Re6 Rc4 38. Rc6 Re4 39. Rxc7 Ke7 40. b5
Ra4 41. Rd3 Kd6 42. Rxd7+ Kxd7 43. Kf2 Kd6 44. b6 Ra8 45. b7 Rb8 46. Rb3 Kxd5
47. Rb4 Kc6 48. Kf3 Rxb7 49. Rxb7 Kxb7 50. Kf4 Kb6 51. Kf5 Kb5 52. Ke6 Ka4 53.
Kf7 g5 54. Kg7 h5 55. Kg6 Kxa3 56. Kxg5 Kb4 57. Kxh5 Kc5 58. Kg6 {Black resigns}
1-0

[Event "Team 45 45 League T34"]
[Site "Internet Chess Club"]
[Date "2007.08.16"]
[Round "5"]
[White "Mfalme"]
[Black "crag"]
[Result "1-0"]
[WhiteElo "1358"]
[BlackElo "1393"]
[Opening "Center game: Paulsen attack"]
[ECO "C22"]
[Time "21:53:40"]
[TimeControl "2700+45"]

1. e4 e5 2. d4 exd4 3. Qxd4 Nc6 4. Qe3 Bb4+ 5. Nc3 Nf6 6. Bd2 O-O 7. O-O-O Re8
8. Bd3 d5 9. Qg3 Bd6 10. Qh4 dxe4 11. Bb5 Bd7 12. Bg5 Bf5 13. Nge2 h6 14. Bxf6
Qxf6 15. Qxf6 gxf6 16. Nd4 Bd7 17. Nd5 Rad8 18. Nxf6+ Kf8 19. Nxe8 Bxe8 20. Nxc6
bxc6 21. Bc4 Bd7 22. Rde1 Bf4+ 23. Kb1 Bf5 24. g3 Be5 25. Kc1 Bf6 26. h4 Rd4 27.
Bb3 c5 28. c3 Rd6 29. Bc2 Re6 30. Re3 Ra6 31. a3 Bg7 32. Bxe4 Be6 33. Rhe1 h5
34. Bc2 Bh6 35. f4 Kg7 36. Bd1 Kg6 37. Kc2 Bf5+ 38. Kb3 Be6+ 39. c4 Rb6+ 40. Kc3
Bg7+ 41. Kd3 Rd6+ 42. Kc2 Bxc4 43. b3 Be6 44. Be2 Rb6 45. Bc4 Bf5+ 46. Kc1 Bd4
47. Rf3 Bg4 48. Bd3+ Kg7 49. Rff1 Bh3 50. Rh1 Bc3 51. Re7 Bg4 52. Bc4 Rd6 53.
Rxf7+ Kg6 54. Rxc7 Bd2+ 55. Kb2 Be3 56. Rxa7 Rd2+ 57. Kc3 Bf5 58. b4 Rc2+ 59.
Kb3 cxb4 60. Ra6+ Kg7 61. Kxb4 Bd2+ 62. Kc5 Bd3 63. Ra4 Be3+ 64. Kd5 Bg6 65. Re1
Rd2+ 66. Kc6 Be8+ 67. Kc7 Bxf4+ 68. Kc8 Bd7+ 69. Kb7 Rb2+ 70. Rb4 Rxb4+ 71. axb4
Bxg3 72. Re7+ Kf6 73. Rxd7 Bxh4 74. Be2 Kg6 75. Rd5 Bg5 76. b5 h4 77. b6 h3 78.
Bf3 Kf6 79. Kc8 Bf4 80. b7 Ke6 81. Rh5 h2 82. Bh1 Kf6 83. b8=Q Bxb8 84. Kxb8 Kg6
85. Rxh2 Kf5 86. Kb7 Kf4 87. Kc6 Kg3 88. Ra2 Kf4 89. Ra3 Ke5 90. Ra4 Kf5 91. Bf3
Ke5 92. Re4+ Kf5 93. Kd6 Kf6 94. Rf4+ Kg5 95. Ke5 Kg6 96. Rg4+ Kf7 97. Bd5+ Ke7
98. Rg6 Kd7 99. Bc4 Kc7 100. Kd5 Kd7 101. Rg7+ Ke8 102. Ke6 Kd8 103. Bb5 Kc8
104. Kd6 Kd8 105. Rg8# {Black checkmated} 1-0

[Event "Team 45 45 League T34"]
[Site "Internet Chess Club"]
[Date "2007.08.21"]
[Round "5"]
[White "morgado"]
[Black "A-Ru"]
[Result "1-0"]
[WhiteElo "1997"]
[BlackElo "1987"]
[Opening "Queen's pawn"]
[ECO "A40"]
[Time "20:33:38"]
[TimeControl "2700+45"]

1. d4 e6 2. e3 d5 3. Bd3 Nf6 4. f4 g6 5. Nf3 Bg7 6. O-O O-O 7. c3 c5 8. Nbd2 b6
9. Qe2 a5 10. Ne5 Ba6 11. g4 Bxd3 12. Qxd3 Qc7 13. g5 Nh5 14. Ndf3 Nc6 15. Bd2
c4 16. Qe2 b5 17. e4 Bxe5 18. fxe5 Ne7 19. Rae1 Ng7 20. exd5 Nxd5 21. h4 Nf5 22.
Qh2 Ng7 23. Qh3 Rfb8 24. Nh2 b4 25. Ng4 Nf5 26. h5 Qd8 27. Nf6+ Nxf6 28. gxf6
bxc3 29. bxc3 Ra7 30. Bc1 Qf8 31. Qg4 Kh8 32. Re2 gxh5 33. Qh3 h4 34. Rff2 Rb1
35. Re1 Rab7 36. Kh2 Qa8 37. Rg1 Rb8 38. Rxf5 exf5 39. Qxf5 Rxc1 40. Rxc1 Rb2+
41. Rc2 Qb7 42. Qf2 Rb1 43. Qg2 Qxg2+ 44. Kxg2 Rd1 45. Kh3 Rh1+ 46. Rh2 Rc1 47.
Kxh4 Rxc3 48. d5 Re3 49. Rb2 h6 50. e6 fxe6 51. Rb8+ Kh7 52. f7 Rf3 53. dxe6 c3
54. f8=Q {Black resigns} 1-0

[Event "Team 45 45 League T34"]
[Site "Internet Chess Club"]
[Date "2007.08.19"]
[Round "5"]
[White "ivanson"]
[Black "tourettes"]
[Result "1/2-1/2"]
[WhiteElo "1879"]
[BlackElo "1772"]
[Opening "French: Tarrasch"]
[ECO "C03"]
[Time "14:00:46"]
[TimeControl "2700+45"]

1. e4 e6 2. d4 d5 3. Nd2 h6 4. Bd3 Ne7 5. Ngf3 b6 6. O-O Ba6 7. Bxa6 Nxa6 8. Qe2
Nb8 9. exd5 Qxd5 10. c4 Qd7 11. Ne5 Qd8 12. Qf3 f6 13. Qxa8 fxe5 14. Qe4 Qxd4
15. Re1 Qxe4 16. Rxe4 Ng6 17. Nf3 Bd6 18. b3 Nc6 19. h4 h5 20. Bb2 Rf8 21. Ng5
Ke7 22. g3 Bc5 23. Nh3 Rd8 24. Rae1 Rd3 25. Kg2 a5 26. Ng5 Rd2 27. R1e2 Rd3 28.
Nf3 Kf6 29. Ne1 Rd1 30. Nf3 Bd4 31. Nxd4 Nxd4 32. Bxd4 Rxd4 33. Kf1 Kf5 34. R4e3
Rd7 35. Ke1 Kf6 36. Rd2 Rd4 37. Ke2 Rd6 38. Red3 Ke7 39. Ke3 Kd7 40. a3 Ne7 41.
b4 axb4 42. axb4 Nc6 43. c5 Rxd3+ 44. Rxd3+ Ke7 45. cxb6 cxb6 46. b5 Na7 47. Rb3
Kf6 48. Ke4 Nc8 49. Rf3+ Ke7 50. Kxe5 Nd6 51. Rb3 Nc4+ 52. Kd4 Nd6 53. Rb1 Kf6
54. f3 Nf5+ 55. Kd3 Nxg3 56. Rc1 Nf5 57. Rc6 g5 58. hxg5+ Kxg5 59. Rxb6 h4 60.
Rc6 h3 61. b6 h2 62. Rc1 Nd6 63. Rh1 Kf4 64. Ke2 Kg3 65. Rb1 Kg2 66. b7 Nxb7 67.
Rxb7 h1=Q 68. Rg7+ Kh3 69. Rh7+ Kg2 70. Rxh1 Kxh1 71. Kf2 Kh2 {Game drawn by
mutual agreement} 1/2-1/2

[Event "Team 45 45 League T34"]
[Site "Internet Chess Club"]
[Date "2007.08.19"]
[Round "5"]
[White "allanchs"]
[Black "mickeys"]
[Result "0-1"]
[WhiteElo "1517"]
[BlackElo "1693"]
[Opening "Sicilian: dragon, classical, 9.Nb3"]
[ECO "B74"]
[Time "07:58:55"]
[TimeControl "2700+45"]

1. e4 c5 2. Nf3 Nc6 3. d4 cxd4 4. Nxd4 g6 5. Nc3 Bg7 6. Be3 d6 7. Be2 Nf6 8. O-O
O-O 9. Nb3 Bd7 10. f4 a6 11. a4 Rc8 12. Qd2 Bg4 13. Rad1 Bxe2 14. Qxe2 Qd7 15.
e5 Ng4 16. Nc5 Qf5 17. exd6 Nxe3 18. Qxe3 exd6 19. Nxb7 Rfe8 20. Qd2 Bd4+ 21.
Kh1 Qd7 22. Nd5 Qxb7 23. Nf6+ Bxf6 {White resigns} 0-1

[Event "Team 45 45 League T34"]
[Site "Internet Chess Club"]
[Date "2007.08.19"]
[Round "5"]
[White "wango"]
[Black "crankn8tr"]
[Result "0-1"]
[WhiteElo "1504"]
[BlackElo "1679"]
[Opening "Scandinavian (center counter) defense"]
[ECO "B01"]
[Time "13:24:01"]
[TimeControl "2700+45"]

1. e4 d5 2. exd5 Qxd5 3. Nf3 Nf6 4. Nc3 Qa5 5. Bc4 Bg4 6. d3 e6 7. Bd2 c6 8. Ne4
Qd8 9. Bg5 Be7 10. Qe2 Nxe4 11. Bxe7 Qxe7 12. dxe4 Bxf3 13. gxf3 Nd7 14. O-O-O
O-O-O 15. f4 Nb6 16. Bd3 Qf6 17. Qe3 Qe7 18. e5 Kb8 19. Qe4 Nd5 20. Rd2 Rd7 21.
Rhd1 Rhd8 22. a3 Qh4 23. Bc4 Nb6 24. Rxd7 Rxd7 25. Rxd7 Nxd7 26. Qd4 Qe7 27.
Qd6+ Qxd6 28. exd6 b5 29. Bb3 Kc8 30. f5 exf5 31. Bxf7 Nf6 32. Be6+ Kd8 33. Bxf5
g6 34. Bh3 Ne4 35. Bg2 Nxf2 36. Bxc6 a6 37. Kd2 Ng4 38. h3 Ne5 39. Bd5 Kd7 40.
Bg8 h6 41. Ke3 Kxd6 42. Bh7 g5 43. b3 Kc5 44. Bg8 a5 45. c3 b4 46. axb4+ axb4
47. c4 Nd7 48. Bd5 Kd6 49. Kd4 Nc5 50. Ke3 Nxb3 51. Kd3 Nc5+ 52. Kc2 Nd7 53. Kb3
Kc5 54. Be6 Ne5 55. Bg8 Nd3 56. Be6 Nf4 57. Bg4 h5 58. Bf5 Ne2 59. Be6 Nd4+
{White resigns} 0-1

[Event "Team 45 45 League T34"]
[Site "Internet Chess Club"]
[Date "2007.08.18"]
[Round "5"]
[White "Razorbackchess"]
[Black "chessateer"]
[Result "1-0"]
[WhiteElo "1876"]
[BlackElo "1814"]
[Opening "English: symmetrical variation"]
[ECO "A30"]
[Time "11:05:54"]
[TimeControl "2700+45"]

1. c4 c5 2. g3 Nf6 3. Bg2 Nc6 4. Nc3 g6 5. e4 d6 6. Nge2 Bg7 7. O-O O-O 8. d3
Rb8 9. f4 e6 10. h3 a6 11. Kh2 Qc7 12. Be3 b5 13. Qd2 Re8 14. Rab1 Nd7 15. b3 b4
16. Nd1 Bb7 17. Nf2 f5 18. d4 Ne7 19. e5 Bxg2 20. exd6 Qxd6 21. Kxg2 e5 22. dxe5
Qc6+ 23. Kh2 Rbd8 24. Qc2 Nf8 25. Rbd1 Ne6 26. Rxd8 Rxd8 27. Nd1 Bf8 28. Nb2 Nc8
29. Rd1 Rxd1 30. Qxd1 Nb6 31. Qh1 Qxh1+ 32. Kxh1 h5 33. Kg2 Kf7 34. Kf3 Be7 35.
g4 fxg4+ 36. hxg4 hxg4+ 37. Kxg4 Nd7 38. Nd3 Ng7 39. Ng3 Ke6 40. Ne4 Nf5 41.
Bxc5 Nxc5 42. Nexc5+ Kf7 43. Nxa6 Ne3+ 44. Kf3 Nc2 45. c5 Ke6 46. Ke4 Kd7 47.
Naxb4 Nxb4 48. Nxb4 Bxc5 49. Nd3 Be7 50. Kd5 g5 51. fxg5 Bxg5 52. Nc5+ Ke7 53.
b4 Bd2 54. b5 Ba5 55. Kc6 Bc3 56. e6 Bd4 57. b6 Bxc5 58. Kxc5 Kxe6 59. b7 Kf7
60. b8=Q Kg7 61. Qd6 Kh8 62. Kd5 Kg8 63. Qe7 Kh8 64. Ke6 Kg8 65. Kf6 Kh8 66.
Qg7# {Black checkmated} 1-0